 Dungeon Crawl Stone Soup version 0.31.0-4-g52a2dc7128 (webtiles) character file.

Game seed: 18268630311043703273

61 AlmostDecent the Trooper (level 4, 0/29 HPs)
             Began as a Gargoyle Fighter on Jan 22, 2024.
             Killed from afar by a dart slug (2 damage)
             ... with a slug dart
             ... on level 2 of the Dungeon.
             The game lasted 00:02:57 (610 turns).

AlmostDecent the Trooper (Gargoyle Fighter)          Turns: 610, Time: 00:02:58

Health: 0/29       AC: 10    Str: 21    XL:     4   Next: 7%
Magic:  4/4        EV:  9    Int:  9    God:
Gold:   101        SH:  4    Dex:  9    Spells: 3/3 levels left

rFire   . . .        a - +0 war axe
rCold   . . .        c - +0 buckler
rNeg    + . .        b - +0 scale mail
rPois   ∞            (no helmet)
rElec   +            (no cloak)
rCorr   .            (no gloves)
SInv    .            (no boots)
Will    +....        (no amulet) Stlth
                     (no ring)
HPRegen 0.24/turn    (no ring)
MPRegen 0.09/turn

%: no passive effects
@: enlightened, flying
A: sickness immunity, AC +3, negative energy resistance 1, electricity
resistance, torment resistance 1, petrification resistance
a: no special abilities


You were on level 2 of the Dungeon.
You visited 1 branch of the dungeon, and saw 2 of its levels.

You collected 101 gold pieces.

Inventory:

Hand Weapons
 a - a +0 war axe (weapon)
Missiles
 j - a throwing net (quivered)
Armour
 b - a +0 scale mail (worn)
 c - a +0 buckler (worn)
Jewellery
 k - a +6 ring of intelligence
Scrolls
 e - 3 scrolls of identify {unknown}
 f - a scroll of poison {unknown}
 h - 2 scrolls of torment {unknown}
Potions
 d - a potion of might
 g - a potion of enlightenment
 i - a potion of mutation {unknown}
 l - a potion of berserk rage {unknown}
 m - a potion of cancellation {unknown}


   Skills:
 + Level 3.7 Fighting
 * Level 3.0 Axes
 - Level 3.6 Armour
 - Level 0.1 Dodging
 - Level 3.4 Shields


You had 3 spell levels left.
You didn't know any spells.
Your spell library contained the following spells:

 Spells                   Type           Power      Damage    Failure   Level
 Call Imp                 Summ           0%         N/A       90%         2
 Summon Hydra             Summ           0%         N/A       100%        7
 Sublimation of Blood     Necr           Unusable   N/A       N/A         2

Dungeon Overview and Level Annotations

Branches:
Dungeon (2/15)

Altars:

Annotations:
D:2 Terence


Innate Abilities, Weirdness & Mutations

You are immune to sickness and miasma.
Your stone body is resilient. (AC +3)
You are immune to poison.
You resist negative energy. (rN+)
You are resistant to electric shocks. (rElec)
You are resistant to unholy torment.
You are immune to petrification.


Message History

The dart slug launches a dart at you.
The slug dart hits you but does no damage.
Terence hits you with a +2 mace of protection.
You hit Terence.
Terence is lightly wounded.
The dart slug launches a dart at you. The slug dart hits you.
Terence hits you but does no damage.
You hit Terence.
Terence is moderately wounded.
Terence hits you but does no damage.
You barely miss Terence.
Terence is moderately wounded.
You hit the dart slug. Terence closely misses you.
The dart slug barely misses you.
Terence hits you with a +2 mace of protection.
You hit Terence but do no damage.
Terence is moderately wounded.
You hit the dart slug but do no damage.
Terence hits you with a +2 mace of protection.
The dart slug closely misses you.
You closely miss Terence.
Terence is moderately wounded.
You hit the dart slug.
Terence hits you with a +2 mace of protection.
The dart slug completely misses you.
Terence hits you with a +2 mace of protection.
* * * LOW HITPOINT WARNING * * *
You closely miss Terence.
Terence is moderately wounded.
You hit the dart slug.
Terence hits you with a +2 mace of protection.
* * * LOW HITPOINT WARNING * * *
The dart slug launches a dart at you.
The slug dart hits you but does no damage.
It was a potion of enlightenment.
You feel very buoyant.
You fly up into the air.
Terence barely misses you. The dart slug launches a dart at you.
The slug dart hits you.
You die...

##..## #...# #.#
.....# ###.### #.#
.....# #...# #.#
.....####.##### #†#
..............# #.#
..............# #.# #
..............# #.##.#
..............###....#
................@...##
##.##.......##..w@...#
...#...#######.......#
..##).....## #.......#
..†.†.....). ........#
.(#.#########........#
##.......# ##........
#.......# ........##
##.†.....#


You could see Terence and a dart slug.

Vanquished Creatures
  3 adders (D:2)
  2 endoplasms
  A giant cockroach (D:2)
  3 hobgoblins
  2 jackals (D:1)
  3 quokkas
  2 ball pythons (D:2)
  5 bats
  2 frilled lizards (D:1)
  2 goblins
  4 kobolds
  6 rats
35 creatures vanquished.

Notes
Turn   | Place    | Note
-------+----------+-------------------------------------------
     0 | D:1      | AlmostDecent the Gargoyle Fighter began the quest for the
                  | Orb.
     0 | D:1      | Reached XP level 1. HP: 14/14 MP: 1/1
   144 | D:1      | Reached XP level 2. HP: 19/19 MP: 2/2
   433 | D:2      | Reached XP level 3. HP: 21/23 MP: 3/3
   534 | D:2      | Reached XP level 4. HP: 29/29 MP: 4/4
   597 | D:2      | Noticed Terence
   610 | D:2      | Killed from afar by a dart slug

Illustrated notes

Levels and vault maps discovered:
D:1:      lightli_arrival_boilingwater, layout_rooms
D:2:      layout_rooms, eino_tiny_chamber, uniq_terence

Skill      XL: |  1  2  3 |
---------------+----------+-----
Axes           | 2 3 |  3.0
Fighting       | |  3.7
Armour         | |  3.6
Dodging        | |  0.1
Shields        | |  3.4

Action                     |  1- 3 |  4- 6 || total
---------------------------+-------+-------++-------
  Melee: War axe           |    72 |    15 ||    87
    Use: Potion            |       |     1 ||     1
 Armour: Scale mail        |    56 |    22 ||    78
  Dodge: Dodged            |    53 |    10 ||    63
  Block: Buckler           |    27 |     1 ||    28
